 Dungeon Crawl Stone Soup version 0.22-a0-83-g218e7ff (webtiles) character file.

7552 Azzok the Thaumaturge (level 10, -4/50 HPs)
             Began as a Deep Elf Fire Elementalist on Dec 29, 2017.
             Was a Believer of Vehumet.
             Hit by a stone thrown by an orc knight (6 damage)
             ... on level 10 of the Dungeon on Jan 19, 2018.
             The game lasted 00:26:13 (10986 turns).

Azzok the Thaumaturge (Deep Elf Fire Elementalist) Turns: 10986, Time: 00:26:13

Health: -4/50      AC:  4    Str:  5    XL:     10   Next: 96%
Magic:  19/28      EV: 13    Int: 24    God:    Vehumet [**....]
Gold:   248        SH:  0    Dex: 15    Spells: 21/34 levels left

rFire    + . .     SeeInvis .   p - +2 short sword (holy)
rCold    + . .     Gourm    .   (no shield)
rNeg     . . .     Faith    .   a - +0 robe
rPois    .         Spirit   .   t - +0 helmet
rElec    .         Reflect  .   I - scarf {rC+ rF+}
rCorr    .         Harm     .   B - +0 pair of gloves
MR       +....                  (no boots)
Stlth    ++........             y - amulet of magic regeneration
HPRegen  0.16/turn              (no ring)
MPRegen  0.46/turn              (no ring)

@: no status effects
A: no striking features
a: Renounce Religion


You were on level 10 of the Dungeon.
You worshipped Vehumet.
Vehumet was pleased with you.
You were not hungry.

You visited 2 branches of the dungeon, and saw 11 of its levels.

You collected 632 gold pieces.
You spent 384 gold pieces at shops.

Inventory:

Hand Weapons
 i - a +3 war axe
 p - a +2 short sword of holy wrath (weapon)
 D - a +1 war axe of electrocution
Armour
 a - a +0 robe (worn)
 t - a +0 helmet (worn)
 B - a +0 pair of gloves (worn)
 I - a scarf of resistance (worn)
Jewellery
 y - an amulet of magic regeneration (around neck)
 M - a cursed ring of loudness {unknown}
 N - the ring "Fodol" {rElec MP+9, unknown}
   (You took it off an orc warrior on level 10 of the Dungeon)

   [ring of magical power]

   It insulates you from electricity.
   It affects your magic capacity (+9).
Wands
 A - a wand of paralysis (18)
 C - a wand of flame (25)
 F - a wand of disintegration (14)
 G - a wand of polymorph (30)
Scrolls
 e - 4 scrolls of identify
 h - 2 scrolls of enchant weapon
 l - a scroll of fog
 m - 2 scrolls of immolation
 q - 6 scrolls of amnesia
 s - a scroll of fear
 v - a scroll of enchant armour {unknown}
 w - 2 scrolls of remove curse
 x - a scroll of noise {unknown}
 z - 2 scrolls of blinking {unknown}
 J - a scroll of acquirement {unknown}
 K - 2 scrolls of teleportation {unknown}
 L - a scroll of summoning {unknown}
Potions
 d - 2 potions of lignification {unknown}
 f - 5 potions of resistance {unknown}
 g - a potion of invisibility {unknown}
 j - 6 potions of curing {unknown}
 k - 5 potions of brilliance {unknown}
 n - 2 potions of agility {unknown}
 o - 5 potions of flight {unknown}
 r - 3 potions of might {unknown}
 u - 3 potions of heal wounds {unknown}
 E - 5 potions of haste {unknown}
 H - 2 potions of ambrosia {unknown}
Books
 b - a book of Flames

   Spells                             Type                      Level
   a - Flame Tongue                   Conjuration/Fire             1
   b - Throw Flame                    Conjuration/Fire             2
   c - Conjure Flame                  Conjuration/Fire             3
   d - Inner Flame                    Hexes/Fire                   3
   e - Sticky Flame                   Conjuration/Fire             4
   f - Fireball                       Conjuration/Fire             5
Comestibles
 c - 16 rations
 O - 4 chunks of flesh


   Skills:
 - Level 2.4 Dodging
 - Level 2.4 Stealth
 + Level 12.7 Spellcasting
 + Level 10.7 Conjurations
 + Level 11.1 Fire Magic


You had 21 spell levels left.
You knew the following spells:

 Your Spells              Type           Power        Failure   Level  Hunger
a - Flame Tongue          Conj/Fire      #####        1%          1    None
b - Conjure Flame         Conj/Fire      ######..     1%          3    None
c - Sticky Flame          Conj/Fire      ######..     1%          4    None
d - Fireball              Conj/Fire      ######....   1%          5    ###....


Dungeon Overview and Level Annotations

Branches:
Dungeon (10/15)            Temple (1/1) D:5            Lair (0/6) D:8
    Orc: D:9-12

Altars:
Ashenzari
Cheibriados
Fedhas
Gozag
Kikubaaqudgha
Makhleb
Qazlal
Sif Muna
Uskayaw
Vehumet
Xom
Yredelemnul
Zin
The Shining One

Shops:
D:8 [


Message History

Aim: an orc knight, wielding a halberd and wearing a chain mail (lightly wounded)
The fireball explodes!
The fireball engulfs the orc knight.
The orc knight is heavily wounded.
The fireball engulfs the crimson imp.
The crimson imp completely resists.
You hear a deafening roar!
The orc knight throws a stone.
The stone hits you!!
Casting: Fireball
Confirm with . or Enter, or press ? or * to list all spells.
Aiming: Fireball
Press: ? - help, Shift-Dir - straight line, f/p - orc knight
Aim: an orc knight, wielding a halberd and wearing a chain mail (heavily wounded)
The fireball explodes!
The fireball engulfs the orc knight.
The orc knight is severely wounded.
The fireball engulfs the crimson imp.
The crimson imp completely resists.
You hear a shout!
The orc knight throws a stone.
The stone hits you!!
* * * LOW HITPOINT WARNING * * *
The crimson imp lashes its tail.
The orc knight throws a stone.
The stone hits you.
You die...

·· ·· ▒▒o·▒ ▒▒▒▒▒····· ······
▒▒▒···▒ ·········· ·····
▒·o··▒▒ ·········▒▒▒▒▒·▒▒▒▒▒
▒·▒▒▒▒ ··· ·····▒·········▒▒▒
▒·▒
▒'▒▒▒▒···▒·▒·▒·▒·▒·▒▒·▒▒o▒▒·▒
▒····▒···▒·········▒ ▒·····▒
'····▒···▒·▒·▒·▒·▒·▒▒▒·▒···▒
▒····▒··········@(··o5▒▒⌠▒▒····
▒▒▒▒▒▒·)·▒·▒·▒·▒·▒·▒▒▒···▒ ▒▒▒·
····(·(··▒·········▒ ·····▒
···)·····▒·▒·▒·▒·▒·▒ ▒▒·▒▒·▒
▒▒▒▒·····▒·········▒ ▒·▒
▒·····▒▒▒▒▒·▒▒▒▒▒ ·▒
▒············· ▒·············
▒··········


You could see an orc knight and a crimson imp.

Vanquished Creatures
  A centaur warrior (D:8)
  A deep elf mage (D:10)
  2 wizards (D:9)
  An orc sorcerer (D:9)
  Grinder (D:6)
  A hornet (D:10)
  A hippogriff (D:10)
  A wyvern (D:10)
  A hungry ghost (D:8)
  A water moccasin (D:10)
  An acid dragon (D:10)
  A black bear (D:9)
  An ice beast (D:7)
  2 orc warriors
  The ghost of Leszczynek the Chopper, an amateur DDFi (D:5)
  3 sky beasts
  6 ogres
  3 centaurs
  2 big kobolds
  4 bullfrogs
  3 scorpions
  8 howler monkeys
  5 wights (D:10)
  3 crimson imps
  A bullfrog zombie (D:9)
  2 centaur zombies (D:10)
  A centaur skeleton (D:5)
  An orc priest (D:8)
  2 bullfrog skeletons
  4 hounds
  A gnoll shaman (D:3)
  4 iguanas
  3 orc wizards
  9 worker ants
  A hound skeleton (D:9)
  Robin (D:4)
  5 gnolls (D:4)
  A howler monkey skeleton (D:3)
  12 adders
  A shadow imp (D:7)
  An adder skeleton (D:9)
  An adder zombie (D:5)
  3 worms
  2 dart slugs
  6 leopard geckos
  22 orcs
  A ball python (D:1)
  5 giant cockroaches
  10 goblins
  7 hobgoblins
  5 jackals
  3 quokkas
  4 bats
  8 frilled lizards
  A giant cockroach zombie (D:5)
  A jackal skeleton (D:7)
  13 kobolds
  A quokka skeleton (D:9)
  12 rats
209 creatures vanquished.

Notes
Turn   | Place    | Note
-------+----------+-------------------------------------------
     0 | D:1      | Azzok the Deep Elf Fire Elementalist began the quest for the Orb.
     0 | D:1      | Reached XP level 1. HP: 10/10 MP: 6/6
   364 | D:1      | Reached XP level 2. HP: 13/15 MP: 6/8
   880 | D:2      | Noticed a bullfrog
   886 | D:2      | Reached XP level 3. HP: 19/19 MP: 6/10
   938 | D:2      | Killed a bullfrog
   938 | D:2      | Reached skill level 4 in Spellcasting
   938 | D:2      | Reached XP level 4. HP: 22/24 MP: 7/12
  1354 | D:2      | Learned a level 3 spell: Conjure Flame
  1359 | D:2      | Learned a level 4 spell: Sticky Flame
  1883 | D:2      | Reached XP level 5. HP: 28/28 MP: 12/14
  2090 | D:3      | Found a glowing golden altar of the Shining One.
  2370 | D:3      | Reached skill level 5 in Spellcasting
  3168 | D:4      | Reached skill level 5 in Fire Magic
  3171 | D:4      | Reached XP level 6. HP: 32/32 MP: 5/16
  3580 | D:4      | Noticed Robin
  3752 | D:4      | Killed Robin
  4040 | D:4      | Reached skill level 6 in Spellcasting
  4360 | D:5      | Entered Level 5 of the Dungeon
  4365 | D:5      | Reached XP level 7. HP: 30/36 MP: 12/18
  4559 | D:5      | Reached skill level 5 in Conjurations
  4759 | D:5      | Noticed Leszczynek's ghost (amateur DDFi)
  4891 | D:5      | Killed Leszczynek's ghost
  4891 | D:5      | Reached skill level 7 in Spellcasting
  5232 | D:5      | Found a staircase to the Ecumenical Temple.
  5239 | Temple   | Entered the Ecumenical Temple
  5290 | Temple   | Became a worshipper of Vehumet
  5366 | D:5      | Reached XP level 8. HP: 37/41 MP: 9/21
  5662 | D:5      | Reached skill level 8 in Spellcasting
  5847 | D:5      | Upgraded the game from 0.21-a0-634-gaf8bc5d to 0.22-a0-83-g218e7ff
  6064 | D:6      | Noticed Grinder
  6087 | D:6      | Paralysed by Grinder for 2 turns
  6090 | D:6      | Killed Grinder
  6761 | D:6      | Found a snail-covered altar of Cheibriados.
  6762 | D:6      | Found a shattered altar of Ashenzari.
  6789 | D:7      | Found a stormy altar of Qazlal.
  6876 | D:7      | Reached skill level 9 in Spellcasting
  6894 | D:7      | Learned a level 5 spell: Fireball
  7026 | D:7      | Reached * piety under Vehumet
  7026 | D:7      | Offered knowledge of Freeze by Vehumet.
  7381 | D:7      | Reached XP level 9. HP: 44/45 MP: 20/24
  7727 | D:8      | Found a staircase to the Lair.
  7854 | D:8      | Reached skill level 10 in Spellcasting
  8046 | D:8      | Found Hosi's Armour Shop.
  8127 | D:8      | Bought a scarf of resistance for 384 gold pieces
  8492 | D:8      | Noticed a centaur warrior
  8496 | D:8      | Killed a centaur warrior
  8496 | D:8      | Reached skill level 11 in Spellcasting
  8695 | D:8      | Reached ** piety under Vehumet
  8695 | D:8      | Offered knowledge of Sandblast by Vehumet.
  8907 | D:9      | Reached XP level 10. HP: 50/50 MP: 23/27
  8920 | D:9      | Found an opulent altar of Gozag.
  9128 | D:9      | Noticed an orc sorcerer
  9129 | D:9      | Noticed a wizard
  9131 | D:9      | Noticed a wizard
  9132 | D:9      | Killed an orc sorcerer
  9140 | D:9      | Killed a wizard
  9140 | D:9      | Reached skill level 10 in Fire Magic
  9151 | D:9      | Killed a wizard
  9971 | D:10     | Entered Level 10 of the Dungeon
 10002 | D:10     | Reached skill level 10 in Conjurations
 10003 | D:10     | Reached skill level 12 in Spellcasting
 10672 | D:10     | Noticed a deep elf mage
 10675 | D:10     | Killed a deep elf mage
 10838 | D:10     | Noticed a manticore
 10958 | D:10     | Got a glittering steel ring
 10971 | D:10     | Noticed an orc knight
 10985 | D:10     | HP: 2/50 [orc knight/stone (19)]
 10986 | D:10     | Hit by a stone thrown by an orc knight

Vault maps used:
D:1:      dpeg_arrival_rooms_with_view, amethyst_killhole
D:3:      first_ration, tso_metal_star
D:4:      uniq_robin
D:5:      minmay_temple_entry_junction_2
D:6:      gammafunk_temple_overflow_wave, uniq_grinder
D:7:      nicolae_ossuary_entry_monument, nicolae_qazlal_general_emergency
D:8:      dpeg_oklobed_lair, serial_shops, shop_coins
D:9:      cheibrodos_wizards_tower, basic_altar
D:10:     minmay_the_grid_net
Temple:   regret_index_temple_chain_breaker

Skill      XL: |  1  2  3  4  5  6  7  8  9 10 |
---------------+-------------------------------+-----
Conjurations   | 2 3 4 5 7 9 10 | 10.7
Spellcasting   | 4 5 6 7 9 11 12 | 12.7
Fire Magic     | 4 5 6 8 9 11 | 11.1
Dodging        | |  2.4
Stealth        | |  2.4

Action                   |  1- 3 |  4- 6 |  7- 9 | 10-12 || total
-------------------------+-------+-------+-------+-------++-------
Melee: Unarmed           |     1 |     1 |       |       ||     2
       Short sword       |       |     4 |    47 |    17 ||    68
 Cast: Flame Tongue      |    33 |   127 |   152 |    47 ||   359
       Conjure Flame     |       |     2 |     2 |       ||     4
       Sticky Flame      |       |     4 |    28 |    18 ||    50
       Fireball          |       |       |    15 |    17 ||    32
  Use: Scroll            |       |       |     7 |       ||     7
  Eat: Chunk             |       |    11 |    14 |     5 ||    30
       Ration            |       |       |     1 |     1 ||     2
Armor: Robe              |     1 |     5 |    19 |    18 ||    43
Dodge: Dodged            |     9 |    43 |    61 |    33 ||   146

Table legend:
 A = Spawn XP
 B = Non-spawn XP
 C = Spawn XP percentage of total XP
 D = Spawn monster count
 E = Non-spawn monster count
 F = Spawn count percentage of total count
 G = Total turns spent on level
                    A         B        C        D         E        F      G
               +---------+---------+-------+---------+---------+-------+---------
         Total |       0 |   10789 |   0.0 |       0 |     209 |   0.0 | 10986
               +---------+---------+-------+---------+---------+-------+---------
           D:1 |       0 |      29 |   0.0 |       0 |      20 |   0.0 |   879
           D:2 |       0 |     181 |   0.0 |       0 |      27 |   0.0 |  1166
           D:3 |       0 |     141 |   0.0 |       0 |      24 |   0.0 |  1096
           D:4 |       0 |     347 |   0.0 |       0 |      20 |   0.0 |  1219
           D:5 |       0 |    1018 |   0.0 |       0 |      30 |   0.0 |  1604
           D:6 |       0 |     508 |   0.0 |       0 |       8 |   0.0 |   763
           D:7 |       0 |     759 |   0.0 |       0 |      20 |   0.0 |   792
           D:8 |       0 |    2484 |   0.0 |       0 |      23 |   0.0 |  1243
           D:9 |       0 |    2368 |   0.0 |       0 |      19 |   0.0 |  1713
          D:10 |       0 |    2954 |   0.0 |       0 |      18 |   0.0 |   449
               +---------+---------+-------+---------+---------+-------+---------
